 Dungeon Crawl Stone Soup version 0.21-a0-39-g28ea6b7 (webtiles) character file.

311 tilp the Chiller (level 6, -1/41 HPs)
             Began as a Merfolk Ice Elementalist on June 2, 2017.
             Was an Initiate of Okawaru.
             Killed from afar by an orc wizard (9 damage)
             ... with a puff of frost
             ... on level 4 of the Dungeon.
             The game lasted 00:19:55 (4216 turns).

tilp the Chiller (Merfolk Ice Elementalist)         Turns: 4216, Time: 00:19:56

Health: -1/41      AC:  4    Str:  9    XL:     6   Next: 42%
Magic:  7/9        EV: 13    Int: 16    God:    Okawaru [......]
Gold:   110        SH:  0    Dex: 14    Spells: 2/9 levels left

rFire    . . .     SeeInvis .   h - +1 short sword (venom)
rCold    . . .     Gourm    .   (no shield)
rNeg     . . .     Faith    .   a - +0 robe
rPois    .         Spirit   .   (no helmet)
rElec    .         Reflect  .   (no cloak)
rCorr    .         Harm     .   e - +1 pair of gloves
MR       .....                  (no boots)
Stlth    ++........             (no amulet)
Regen    0.2/turn               (no ring)
MPRegen  0.2/turn               (no ring)

@: no status effects
A: change form in water, swift swim, stealthy swim
a: Renounce Religion


You were on level 4 of the Dungeon.
You worshipped Okawaru.
Okawaru was noncommittal.
You were not hungry.

You visited 2 branches of the dungeon, and saw 5 of its levels.

You collected 110 gold pieces.

Inventory:

Hand Weapons
 h - a +1 short sword of venom (weapon)
 k - a +0 hunting sling
 t - a +0 halberd
 A - a +4 dagger
 B - a +0 spear
 G - a +2 dagger of speed
 H - a +0 dagger of protection
Missiles
 n - 7 tomahawks (quivered)
Armour
 a - a +0 robe (worn)
 e - a +1 pair of gloves (worn)
 g - a +1 chain mail of cold resistance
 o - a +0 leather armour of cold resistance
 z - a cursed +0 scale mail
Jewellery
 v - an uncursed ring of resist corrosion {unknown}
 I - a +4 ring of intelligence {unknown}
 K - a cursed amulet of rage {unknown}
Wands
 y - a wand of paralysis (6/24)
Scrolls
 d - 2 scrolls of amnesia
 f - a scroll of fear
 w - a scroll of immolation {unknown}
 x - a scroll of teleportation
 E - a scroll of random uselessness {unknown}
 F - a scroll of remove curse {unknown}
Potions
 j - 2 potions of heal wounds {unknown}
 l - 2 potions of might {unknown}
 m - a potion of lignification {unknown}
 p - a potion of brilliance {unknown}
 q - 3 potions of flight {unknown}
 r - 2 potions of degeneration {unknown}
 s - a potion of agility {unknown}
 J - a potion of mutation {unknown}
Books
 b - a book of Frost

   Spells                             Type                      Level
   a - Freeze                         Ice                          1
   b - Throw Frost                    Conjuration/Ice              2
   c - Ozocubu's Armour               Charms/Ice                   3
   d - Throw Icicle                   Conjuration/Ice              4
   e - Summon Ice Beast               Ice/Summoning                4
 D - Jessica's Tome of Aid
   (You found it on level 3 of the Dungeon)

   Spells                             Type                      Level
   a - Infusion                       Charms                       1
Comestibles
 c - a bread ration
 i - 5 fruits
 C - a chunk of flesh


   Skills:
 - Level 4.2 Short Blades
 * Level 2.7 Polearms
 - Level 3.0 Dodging
 - Level 2.1 Stealth
 - Level 2.4 Spellcasting
 - Level 0.7 Conjurations
 + Level 5.6 Ice Magic


You had 2 spell levels left.
You knew the following spells:

 Your Spells              Type           Power        Failure   Level  Hunger
a - Freeze                Ice            ###.         1%          1    #......
b - Throw Frost           Conj/Ice       ##....       9%          2    ###....
c - Ozocubu's Armour      Chrm/Ice       ##......     19%         3    ###....
d - Infusion              Chrm           #...         21%         1    #......


Dungeon Overview and Level Annotations

Branches:
Dungeon (4/15)             Temple (1/1) D:4

Altars:
Ashenzari
Cheibriados
Dithmenos
Fedhas
Hepliaklqana
Kikubaaqudgha
Makhleb
Nemelex Xobeh
Okawaru
Qazlal
Ru
Sif Muna
Trog
Vehumet
Xom
Yredelemnul
The Shining One

Annotations:
D:2 1 runed door


Message History

Casting: Freeze
Confirm with . or Enter, or press ? or * to list all spells.
You can't see any susceptible monsters within range! (Use Z to cast anyway.)
Casting: Freeze
Confirm with . or Enter, or press ? or * to list all spells.
You don't know that spell.
Casting: Freeze
Confirm with . or Enter, or press ? or * to list all spells.
Aiming: Freeze
Press: ? - help, Shift-Dir - straight line You freeze something.
Something barely misses you.
Casting: Freeze
Confirm with . or Enter, or press ? or * to list all spells.
Aiming: Freeze
Press: ? - help, Shift-Dir - straight line You freeze something.
You hear some strange, mumbled words.
A puff of frost appears from out of thin air!
The puff of frost hits you!
You die...

≈≈#####≈≈≈##)#
≈≈#...######.#
≈≈#.>........#
≈≈#...#####..#######
≈≈#####≈≈≈##.......#
≈≈≈≈≈≈≈≈≈≈##...#.#.#
≈≈≈≈≈≈≈≈≈≈#....ao#.#
≈≈≈≈≈≈≈≈≈≈##...#{#.#
#############..#@#.#
# ##.#.#.# # #.#.#.#
# #+# #.....# # #.#
###.### #.# #.#
###.############.#
.....#........##.#
#......######.##.#


You could see a worker ant and an orc.

Vanquished Creatures
  A bullfrog (D:2)
  An orc priest (D:4)
  Jessica (D:3)
  An orc wizard (D:3)
  Ijyb (D:3)
  3 gnolls (D:4)
  3 adders
  An ooze (D:2)
  3 worms
  2 dart slugs
  2 leopard geckos
  8 orcs
  2 ball pythons
  4 giant cockroaches
  5 goblins
  3 hobgoblins
  2 quokkas
  12 bats
  6 frilled lizards
  12 kobolds
  6 rats
79 creatures vanquished.

Notes
Turn   | Place    | Note
-------+----------+-------------------------------------------
     0 | D:1      | tilp the Merfolk Ice Elementalist began the quest for the Orb.
     0 | D:1      | Reached XP level 1. HP: 13/13 MP: 3/3
   488 | D:1      | Reached XP level 2. HP: 14/19 MP: 5/5
   505 | D:1      | Learned a level 2 spell: Throw Frost
   737 | D:1      | Reached skill level 4 in Ice Magic
  1074 | D:1      | Reached XP level 3. HP: 22/24 MP: 6/6
  1192 | D:2      | Reached skill level 1 in Short Blades
  1374 | D:2      | Found a radiant altar of Vehumet.
  1659 | D:2      | Found a snail-covered altar of Cheibriados.
  1935 | D:2      | Reached XP level 4. HP: 30/30 MP: 7/7
  1941 | D:2      | Learned a level 3 spell: Ozocubu's Armour
  2057 | D:2      | Found a runed door.
  2232 | D:3      | Noticed Ijyb
  2237 | D:3      | Paralysed by Ijyb for 5 turns
  2250 | D:3      | Paralysed by Ijyb for 2 turns
  2257 | D:3      | Killed Ijyb
  2319 | D:2      | Noticed a bullfrog
  2342 | D:2      | Killed a bullfrog
  2342 | D:2      | Reached skill level 5 in Ice Magic
  2342 | D:2      | Reached XP level 5. HP: 15/35 MP: 0/8
  3108 | D:3      | Noticed Jessica
  3113 | D:3      | Killed Jessica
  3113 | D:3      | Reached skill level 1 in Polearms
  3113 | D:3      | Reached XP level 6. HP: 31/41 MP: 7/9
  3126 | D:3      | Identified Jessica's Tome of Aid
  3130 | D:3      | Learned a level 1 spell: Infusion
  3649 | D:3      | Found a basalt altar of Yredelemnul.
  3915 | D:4      | Found a staircase to the Ecumenical Temple.
  3924 | Temple   | Entered the Ecumenical Temple
  3996 | Temple   | Became a worshipper of Warmaster Okawaru
  4211 | D:4      | HP: 2/41 [something (6)]
  4216 | D:4      | Killed from afar by an orc wizard

Vault maps used:
D:1:      denvon_arrival_waterhouse, serial_forest,
          infiniplex_forest_straight_2, infiniplex_forest_fountain,
          infiniplex_forest_straight_4, infiniplex_forest_straight_3,
          infiniplex_forest_clump_small, infiniplex_forest_corner_1
D:2:      nicolae_overflow_hidden_temple, fiery_altar_vehumet,
          uniq_crazy_yiuf_cottage
D:3:      lemuel_crystal_altar, kennysheep_jessica_study, uniq_ijyb
D:4:      minmay_temple_entry_poolview, first_bread
Temple:   nicolae_temple_great_sept

Skill      XL: |  1  2  3  4  5  6 |
---------------+-------------------+-----
Dodging        | 3 |  3.0
Ice Magic      | 4 5 |  5.6
Short Blades   | 1 3 4 |  4.2
Polearms       | 1 2 |  2.7
Stealth        | |  2.1
Spellcasting   | |  2.4
Conjurations   | |  0.7

Action                   |  1- 3 |  4- 6 || total
-------------------------+-------+-------++-------
Melee: Short sword       |    71 |   114 ||   185
 Cast: Freeze            |     6 |    30 ||    36
       Throw Frost       |     2 |     2 ||     4
  Use: Scroll            |       |     5 ||     5
       Potion            |       |     1 ||     1
 Stab: Sleeping          |     3 |     2 ||     5
       Distracted        |     1 |       ||     1
  Eat: Chunk             |     3 |     4 ||     7
       Royal jelly       |       |     1 ||     1
       Meat ration       |       |     1 ||     1
Armor: Robe              |    17 |    30 ||    47
Dodge: Dodged            |    53 |   109 ||   162
